 Dungeon Crawl Stone Soup version 0.13.0-18-g7b03ea5 (webtiles) character file.

5272 M4edhros the Basher (level 10, -2/64 HPs)
             Began as an Octopode Artificer on Oct 22, 2013.
             Was a Priest of Zin.
             Slain by a warg (10 damage)
             ... on Level 11 of the Dungeon.
             The game lasted 00:42:25 (12872 turns).

M4edhros the Basher (Octopode Artificer)           Turns: 12872, Time: 00:42:25

HP  -2/64        AC  1     Str 13      XL: 10   Next: 48%
MP  20/20        EV 12     Int 22      God: Zin [***...]
Gold 454         SH 14     Dex 15      Spells:  2 memorised,  6 levels left

Res.Fire  : . . .   See Invis. : .   s - +1,+4 orc mace (distort)
Res.Cold  : . . .   Warding    : .   w - +2 dwarf buckler {reflect}
Life Prot.: . . .   Conserve   : .   (helmet restricted)
Res.Poison: .       Res.Corr.  : +   b - amulet of resist corrosion
Res.Elec. : .       Clarity    : .   (no ring)
Sust.Abil.: . .     Spirit.Shd : .   (no ring)
Res.Mut.  : .       Stasis     : .   (no ring)
Res.Rott. : .       Flight     : .   (no ring)
Saprovore : . . .                    (no ring)
                                     (no ring)
                                     (no ring)
                                     (no ring)

@: vitalised, somewhat resistant to hostile enchantments, very stealthy
A: almost no armour, amphibious, 8 rings, constrict 8, camouflage 1, evolution
1, AC +1
a: Recite, Vitalisation, Imprison, Renounce Religion


You were on level 11 of the Dungeon.
You worshipped Zin.
Zin was most pleased with you.
You were very hungry.

You visited 2 branches of the dungeon, and saw 13 of its levels.

You collected 484 gold pieces.
You donated 50 gold pieces.

Inventory:

Hand weapons
 s - a +1,+4 orcish mace of distortion (weapon)
Missiles
 c - 20 stones (quivered)
Armour
 w - a +2 dwarven buckler of reflection (worn)
Magical devices
 a - a wand of digging (8)
 o - a wand of confusion (0)
 y - a wand of paralysis (5)
 B - a wand of paralysis (10)
Comestibles
 f - 11 bread rations
 g - 11 sultanas
 l - a royal jelly
 t - 3 meat rations
 u - a choko
Scrolls
 d - a scroll of enchant weapon I
 e - 6 scrolls of remove curse {unknown}
 m - 2 scrolls of magic mapping
 n - 6 scrolls of identify
 p - a scroll of amnesia
Jewellery
 b - an amulet of resist corrosion (around mantle)
Potions
 C - a potion of restore abilities
Books
 h - a book of Battle

   Spells                             Type                      Level
   *Infusion                          Charms                       1
   *Shroud of Golubria                Charms/Translocation         2
   Song of Slaying                    Charms                       2
   Spectral Weapon                    Hexes/Charms                 3
   Regeneration                       Charms/Necromancy            3
   Song of Shielding                  Charms                       4
Miscellaneous
 i - an ornate deck of war


   Skills:
 - Level 5.3 Fighting
   Level 1.3 Short Blades
 * Level 8.8 Maces & Flails
 - Level 2.0 Dodging
 - Level 6.0 Stealth
 + Level 6.2 Shields
 * Level 4.6 Charms
   Level 0.0 Necromancy
 + Level 6.9 Invocations
 - Level 3.2 Evocations


You had 6 spell levels left.
You knew the following spells:

 Your Spells              Type           Power        Failure   Level  Hunger
b - Shroud of Golubria    Chrm/Tloc      ##........   12%         2    ###....
c - Infusion              Chrm           ###...       2%          1    ##.....


Dungeon Overview and Level Annotations

Branches:
Dungeon (12/27)            Temple (1/1) D:4             Orc (0/4) D:8
   Lair (0/8) D:11

Altars:
Ashenzari
Cheibriados
Elyvilon
Fedhas
Kikubaaqudgha
Makhleb
Nemelex Xobeh
Okawaru
Sif Muna
Trog
Vehumet
Xom
Yredelemnul
Zin
the Shining One

Shops:
D:4 [

Annotations:
D:4 Pikel
D:8 shugdite's ghost, experienced MiFi
D:10 exclusion: door
D:11 exclusion: oklob plant


Innate Abilities, Weirdness & Mutations

You cannot wear most types of armour.
You are amphibious.
You can wear up to eight rings at the same time.
You can use your tentacles to constrict many enemies at once.
Your skin changes colour to match your surroundings (Stlth).
Your rubbery body absorbs attacks (AC +1).
You evolve.


Message History

The warg is moderately wounded.
The warg bites you. The warg claws you but does no damage. The warg claws you.
You closely miss the warg. Your squeeze misses the warg.
The warg is moderately wounded.
The warg barely misses you. The warg claws you. The warg closely misses you.
You barely miss the warg.
The warg is moderately wounded.
The warg bites you!
* * * LOW HITPOINT WARNING * * *
The warg barely misses you. You block the warg's attack.
Use which ability? (? or * to list)
Press: ? - help, Dir - move target cursor, f - warg
Aim: a warg (moderately wounded)
You need more space to imprison the warg.
Evoke which item? (* to show all) (? for menu, Esc to quit)
Zapping:
o - a wand of confusion {zapped: 13}
Press: ? - help, Shift-Dir - straight line, f/p - warg
Aim: a warg (moderately wounded) Nothing appears to happen.
The warg bites you!
You die...

.##.PP##...#
##..######## .. ...# .
##..#### #. ... #..
#......# # ## #...#
#......# ###..#####
#.h....# #........#
#......# #........###
#......# #..........#
#......#
#..F.....#@###......#
####.(......#.h........#
#.....).....#####......#
....##........# #......#
#...)....#####......#
####..#####....##'..####
###.............#......#
#...#.≈≈≈≈≈≈≈..≈#≈≈≈≈≈.#
#.###.≈######''######≈.#


You could see a warg.

Vanquished Creatures
  A feature mimic (D:11)
  Grum (D:11)
  A soldier ant (D:9)
  3 wolves (D:11)
  A slave (Temple)
  A necrophage (D:7)
  A phantom (D:7)
  6 orc warriors
  A sky beast (D:6)
  7 centaurs
  5 ogres
  2 wargs (D:11)
  A giant frog (D:6)
  A water moccasin (D:10)
  A troll skeleton (D:10)
  6 killer bees
  The ghost of Czerbonog the Slasher, a weakling DsSk (D:3)
  3 crimson imps
  2 jellies (D:9)
  A quasit (D:8)
  3 hounds
  2 orc priests
  2 goliath beetles
  5 iguanas
  6 orc wizards
  2 scorpions
  6 worker ants
  A big kobold skeleton (D:11)
  A giant centipede (D:9)
  11 adders
  A giant mite (D:3)
  A goliath beetle zombie (D:10)
  5 worms
  An adder zombie (D:9)
  An iguana skeleton (D:5)
  4 giant geckos
  An ooze (D:1)
  25 orcs
  13 bats
  2 bat skeletons
  9 giant cockroaches
  14 hobgoblins
  24 kobolds
  3 quokkas
  7 giant newts
  10 goblins
  A jackal skeleton (D:5)
  A kobold skeleton (D:7)
  An orc skeleton (D:4)
  17 rats
  A rat skeleton (D:7)
  7 ballistomycetes (D:7)
234 creatures vanquished.

Vanquished Creatures (collateral kills)
  A black bear (D:8)
  An ogre (D:8)
  A phantom (D:8)
  A killer bee (D:8)
  2 orc wizards (D:6)
  An orc (D:6)
7 creatures vanquished.

Vanquished Creatures (others)
  A hippogriff (D:8)
  2 ogres
  A giant frog (D:7)
  A crimson imp (D:4)
  A worker ant (D:10)
  An ogre skeleton (D:9)
  An orc (D:7)
  A hobgoblin (D:7)
  2 giant spores (D:7)
  A ballistomycete (D:7)
12 creatures vanquished.

Grand Total: 253 creatures vanquished

Notes
Turn   | Place    | Note
--------------------------------------------------------------
     0 | D:1      | M4edhros, the Octopode Artificer, began the quest for the Orb.
     0 | D:1      | Reached XP level 1. HP: 14/14 MP: 1/1
   149 | D:2      | Reached XP level 2. HP: 9/19 MP: 3/3
   426 | D:3      | Reached skill level 4 in Stealth
   426 | D:3      | Reached XP level 3. HP: 17/24 MP: 4/4
   432 | D:3      | Noticed Czerbonog's ghost (weakling DsSk)
   534 | D:3      | Killed Czerbonog's ghost
   534 | D:3      | Reached skill level 5 in Stealth
   534 | D:3      | Reached XP level 4. HP: 4/29 MP: 6/6
   787 | D:3      | Reached skill level 6 in Stealth
   826 | D:4      | Found Vuaqiwko's Antique Armour Boutique.
   826 | D:4      | Noticed Pikel
   826 | D:4      | Noticed a slave
   827 | D:4      | Noticed a slave
   828 | D:4      | Noticed a slave
   828 | D:4      | Noticed a slave
   831 | D:4      | Found a staircase to the Ecumenical Temple.
   839 | Temple   | Entered the Ecumenical Temple
   849 | Temple   | Killed a slave
  1080 | Temple   | Became a worshipper of Zin the Law-Giver
  1263 | D:1      | Acquired Zin's first power
  2731 | D:3      | Gained mutation: You evolve. [potion of mutation]
  2753 | D:3      | Reached skill level 1 in Maces & Flails
  2753 | D:3      | Reached XP level 5. HP: 16/34 MP: 7/7
  2759 | D:3      | Reached skill level 1 in Shields
  3377 | D:3      | Reached skill level 1 in Invocations
  3393 | D:3      | Reached XP level 6. HP: 11/40 MP: 9/9
  3861 | D:4      | Acquired Zin's second power
  4014 | D:5      | Entered Level 5 of the Dungeon
  4138 | D:5      | Reached XP level 7. HP: 43/45 MP: 10/10
  5046 | D:6      | Acquired Zin's third power
  5349 | D:6      | Reached XP level 8. HP: 27/52 MP: 10/12
  6116 | D:6      | Reached skill level 5 in Maces & Flails
  6430 | D:7      | Paralysed by a centaur for 4 turns
  6431 | D:7      | Noticed shugdite's ghost (experienced MiFi)
  7188 | D:7      | Found a deep blue altar of Sif Muna.
  7426 | D:7      | Reached XP level 9. HP: 54/58 MP: 16/16
  7578 | D:8      | Found a snail-covered altar of Cheibriados.
  7875 | D:8      | Reached skill level 5 in Invocations
  7973 | D:8      | Reached skill level 5 in Fighting
  8307 | D:8      | Noticed shugdite's ghost (experienced MiFi)
  8312 | D:8      | Found a staircase to the Orcish Mines.
  8425 | D:8      | Reached skill level 7 in Maces & Flails
  8606 | D:9      | Reached skill level 5 in Shields
  9008 | D:9      | Learned a level 3 spell: Regeneration
  9013 | D:9      | Learned a level 2 spell: Shroud of Golubria
  9015 | D:9      | Learned a level 1 spell: Infusion
  9094 | D:9      | Reached skill level 1 in Charms
  9388 | D:9      | Noticed a hill giant
  9398 | D:9      | Found a sparkling altar of Nemelex Xobeh.
  9403 | D:10     | Entered Level 10 of the Dungeon
  9982 | D:10     | Zin protects you from harm!
 10737 | D:10     | Reached skill level 8 in Maces & Flails
 10754 | D:10     | Noticed a vault guard
 10759 | D:10     | Reached XP level 10. HP: 59/64 MP: 19/19
 10816 | D:10     | Zin protects you from harm!
 12106 | D:11     | Found a staircase to the Lair.
 12109 | D:11     | Noticed an oklob plant
 12118 | D:11     | Noticed Grum
 12129 | D:11     | Killed Grum
 12872 | D:11     | Slain by a warg

Action                   |  1- 3 |  4- 6 |  7- 9 | 10-12 || total
-------------------------+-------+-------+-------+-------++-------
Melee: Short sword       |    31 |    42 |       |       ||    73
       Mace              |       |   110 |   283 |   103 ||   496
 Cast: Infusion          |       |       |     2 |       ||     2
       Shroud of Golubri |       |       |     1 |       ||     1
Invok: Recite            |       |       |     8 |    12 ||    20
       Vitalisation      |       |       |     5 |     6 ||    11
       Imprison          |       |       |     1 |     1 ||     2
Evoke: Wand              |    11 |    10 |    31 |    22 ||    74
  Use: Potion            |       |     6 |    10 |     2 ||    18
       Scroll            |       |     4 |    18 |     1 ||    23
 Stab: Sleeping          |     6 |    23 |    19 |     2 ||    50
       Confused          |       |       |     2 |     2 ||     4
       Distracted        |       |       |     1 |       ||     1
       Paralysed         |       |       |     5 |       ||     5
